AoeStats
← Caniche

Nomad

508074176Analyzed
3v3 RM · 11d ago on Sep 20, 2026· 42m 16s· 6 players
Game mode
Random Map
Map size
210×210
Population
200
Speed
Normal
Resources
Standard
Victory
Conquest
Starting age
Dark Age
Ending age
Imperial Age
RankedLock teamsTeams togetherTeam positionsShared explorationLock speedFull tech treeHidden civsTurbo modeCheats
Victory
Defeat
🇦🇷 Hindustanis · Argentina
1525
+13
🇦🇷 Japanese · Argentina
1522
+13
🇦🇷 Mongols · Argentina
1462
+16
🇹🇷 Turks · Türkiye
1592
-19
🇮🇪 Celts · Ireland
1413
-12
🇱🇧 Wei · Lebanon
1389
-11
Rodilla de Bronce
4:30 Loom
13:39 Feudal Age
14:40 Double-Bit Axe
17:19 Castle Age
16:19 Town Watch
16:43 Gold Mining
18:27 Bow Saw
18:52 Fletching
20:32 Wheelbarrow
21:38 Hand Cart
21:44 Bodkin Arrow
27:27 Padded Archer Armor
27:55 Horse Collar
28:50 Ballistics
29:37 Thumb Ring
37:14 Imperial Age
35:01 Leather Archer Armor
38:23 Parthian Tactics
38:41 Bracer
39:14 Bloodlines
41:16 Husbandry
Caniche
5:20 Loom
12:02 Feudal Age
20:38 Castle Age
20:13 Stone Mining
23:13 Double-Bit Axe
23:55 Forging
26:00 Elite Skirmisher
32:16 Bow Saw
32:03 Gold Mining
34:03 Wheelbarrow
34:14 Horse Collar
34:25 Town Watch
35:27 Heavy Plow
36:05 Fletching
36:17 Padded Archer Armor
36:34 Hand Cart
37:38 Ballistics
39:57 Imperial Age
37:50 Scale Mail Armor
39:28 Grand Trunk Road
40:07 Iron Casting
40:08 Chain Mail Armor
41:22 Conscription
41:10 Squires
40:56 Arson
La Bestia
5:30 Loom
12:39 Feudal Age
17:00 Castle Age
15:06 Double-Bit Axe
15:03 Horse Collar
18:16 Bow Saw
18:14 Heavy Plow
24:22 Gold Mining
24:37 Stone Mining
26:10 Wheelbarrow
25:20 Town Watch
29:39 Imperial Age
27:22 Scale Barding Armor
28:51 Chain Barding Armor
30:08 Husbandry
30:47 Bloodlines
30:54 Forging
31:41 Elite Steppe Lancer
34:17 Iron Casting
36:27 Blast Furnace
36:20 Conscription
Madbun
3:44 Loom
13:41 Feudal Age
14:10 Double-Bit Axe
15:15 Town Watch
20:09 Castle Age
19:35 Wheelbarrow
22:39 Bow Saw
25:43 Pikeman
27:50 Scale Mail Armor
28:00 Forging
31:59 Chain Mail Armor
32:19 Iron Casting
38:53 Hand Cart
38:54 Fletching
Katnip
3:50 Loom
13:34 Feudal Age
14:10 Double-Bit Axe
14:19 Gold Mining
15:25 Fishing Lines
16:23 Town Watch
17:13 Wheelbarrow
21:18 Castle Age
22:11 Bow Saw
22:27 Gillnets
23:40 Gold Shaft Mining
22:55 Stone Mining
24:05 Fletching
25:34 Bodkin Arrow
27:31 Stone Shaft Mining
27:50 Hand Cart
30:17 Horse Collar
31:35 Scale Barding Armor
31:44 Forging
33:04 Chain Barding Armor
34:31 Iron Casting
37:37 Bloodlines
37:27 Husbandry
40:55 Imperial Age
42:02 Conscription
42:26 Ming Guang Armor
LonzoWall
3:54 Loom
12:33 Feudal Age
20:43 Castle Age
19:24 Double-Bit Axe
22:54 Fletching
37:24 Imperial Age
34:59 Horse Collar
Connection lost

Rejoining the realm…

Still unreachable

The connection could not be restored.

Session expired

The server has moved on; the page needs a fresh start.